[Event "Championnat du monde jeunes U10"]
[Date "2024.11.26"]
[White "Makhsatuly, Rakhim"]
[Black "Guntaka, Aayansh"]
[WhiteElo "1683"]
[BlackElo "1798"]
[Round "11.41"]
[Result "1-0"]
[TimeControl "5400+30"]

1. e4 c5 2. Nf3 Nc6 3. d4 cxd4 4. Nxd4 Nf6 5. Nc3 d6 6. Bg5 e6 7. Qd2 a6 8. Nxc6 bxc6 9. O-O-O Be7 10. Bxf6 gxf6 11. Bc4 O-O 12. Qh6 Kh8 13. Rd3 Rg8 14. Rh3 Rg7 15. f4 Qg8 16. Rg3 Rg6 17. Qh5 Qg7 18. f5 Rxg3 19. hxg3 Qg5+ 20. Qxg5 fxg5 21. g4 d5 22. Bd3 d4 23. Na4 e5 24. Nb6 Rb8 25. Nxc8 Rxc8 26. Bxa6 Rb8 27. Bc4 Kg7 28. Rh3 Rb4 29. Bb3 Rb6 30. a3 Rb7 31. Bc4 Ra7 32. Rb3 Bc5 33. Rb8 Be7 34. Rb6 Rc7 35. b4 c5 36. b5 Ra7 37. Ra6 Rb7 38. a4 Bd8 39. a5 Rd7 40. b6 Rb7 41. Bd5 Rb8 42. b7 c4 43. Ra8 Bxa5 44. Rxb8 Bc7 45. Rc8 Bd6 46. b8=Q Bxb8 47. Rxb8 d3 48. cxd3 cxd3 49. Bxf7 Kxf7 50. Rb6 Kg7 51. Kd2 Kf7 52. Kxd3 Kg7 53. Kc4 Kf7 54. Kd5 Kg7 55. Kxe5 Kf7 56. Rb7+ Kf8 57. Ke6 h5 58. gxh5 g4 59. g3 Kg8 60. Kf6 Kh8 61. Kg6 Kg8 62. Rb8# 1-0

[Variant "Standard"]
[Site "Europe Echecs"]

[Event "Championnat du monde jeunes U10"]
[Date "2024.11.26"]
[White "Blekh, Erik"]
[Black "Megagiannis, Maximos"]
[WhiteElo "1790"]
[BlackElo "1682"]
[Round "11.42"]
[Result "1-0"]
[TimeControl "5400+30"]

1. Nf3 d5 2. g3 Nd7 3. c4 dxc4 4. Qa4 Nf6 5. Bg2 c6 6. Qxc4 Nb6 7. Qc2 g6 8. b3 Bf5 9. d3 Bg7 10. Bb2 O-O 11. O-O Nfd7 12. Bxg7 Kxg7 13. Nd4 e5 14. Nxf5+ gxf5 15. f4 Qf6 16. Nc3 Rae8 17. Kh1 Re6 18. h3 Qg6 19. Kh2 Nf6 20. e4 Nh5 21. g4 fxg4 22. f5 Qh6 23. fxe6 Nf4 24. Rxf4 Qxf4+ 25. Kh1 gxh3 26. Bxh3 Qh4 27. Qh2 fxe6 28. Rg1+ Kh8 29. Qxe5+ Qf6 30. Qxf6+ Rxf6 31. Rf1 Rxf1+ 32. Bxf1 Kg7 33. Bh3 Kf6 34. Kg2 Nd7 35. d4 Nf8 36. Kf3 Ng6 37. e5+ Kf7 38. Ne4 Ke7 39. Ng5 1-0

[Variant "Standard"]
[Site "Europe Echecs"]

[Event "Championnat du monde jeunes U10"]
[Date "2024.11.26"]
[White "Otetileu, Amanbek"]
[Black "Santoro, Marco Antonio"]
[WhiteElo "1632"]
[BlackElo "1765"]
[Round "11.43"]
[Result "1-0"]
[TimeControl "5400+30"]

1. e4 d6 2. d4 Nf6 3. Nc3 Nbd7 4. Nf3 e5 5. dxe5 dxe5 6. Bg5 Be7 7. Qd2 h6 8. Bxf6 Bxf6 9. O-O-O O-O 10. h4 Re8 11. g4 Nc5 12. Qe3 Nd7 13. g5 hxg5 14. hxg5 Be7 15. g6 Nc5 16. gxf7+ Kxf7 17. Rxd8 Rxd8 18. Nxe5+ Kg8 19. Bc4+ Be6 20. Qh3 Nd3+ 21. cxd3 Bg5+ 22. Kc2 Kf8 23. Qh8+ Ke7 24. Qxg7+ Kd6 25. Nb5+ Kc5 26. Qxc7+ Kb4 27. a3+ Ka4 28. b3# 1-0

[Variant "Standard"]
[Site "Europe Echecs"]

[Event "Championnat du monde jeunes U10"]
[Date "2024.11.26"]
[White "Nguyen Minh"]
[Black "Burba, Mikita"]
[WhiteElo "1760"]
[BlackElo "1528"]
[Round "11.44"]
[Result "1/2-1/2"]
[TimeControl "5400+30"]

1. d4 d5 2. c4 e6 3. Nf3 Nf6 4. Nc3 Nbd7 5. Bg5 Be7 6. e3 O-O 7. Bd3 dxc4 8. Bxc4 c5 9. O-O cxd4 10. Nxd4 Nb6 11. Bb3 Nbd5 12. Nxd5 Nxd5 13. Bxe7 Qxe7 14. Bxd5 exd5 15. Rc1 Be6 16. Qd2 Rac8 17. Rfd1 Rfd8 18. h3 h6 19. Ne2 Rc6 20. Qd4 Ra8 21. Nf4 Rac8 22. Ne2 b6 23. Rxc6 Rxc6 24. Nc3 Qg5 25. h4 Qh5 26. Nxd5 Bxd5 27. Qxd5 Qxd5 28. Rxd5 Rc1+ 29. Kh2 Rc2 30. Rd8+ Kh7 31. Rd7 Rxf2 32. Rxa7 Rxb2 33. a4 Kg6 34. Kg3 Rb4 35. Ra6 f6 36. Ra7 h5 37. Ra6 Rg4+ 38. Kf3 Rxh4 39. e4 Rh1 40. Rxb6 Ra1 41. Rb4 Kh6 42. Rc4 Kg6 43. g3 Kh6 44. Kf4 Rf1+ 45. Ke3 Rg1 46. Kf2 Ra1 47. Rb4 Kg6 48. Kf3 Kh6 49. Rd4 Kg6 50. Rc4 Kh6 51. Rb4 Kg6 52. Rc4 Kh6 1/2-1/2

[Variant "Standard"]
[Site "Europe Echecs"]

[Event "Championnat du monde jeunes U10"]
[Date "2024.11.26"]
[White "Mikkelsen, Anders Askjaer"]
[Black "Shrubok, Herman"]
[WhiteElo "1745"]
[BlackElo "1477"]
[Round "11.45"]
[Result "1/2-1/2"]
[TimeControl "5400+30"]

1. e4 d6 2. d4 Nf6 3. Nc3 e5 4. dxe5 dxe5 5. Qxd8+ Kxd8 6. Bg5 Be6 7. O-O-O+ Kc8 8. Nf3 Nbd7 9. Bd3 c6 10. Ne2 Bc5 11. Rhf1 a5 12. a3 b5 13. Nd2 h6 14. Bxf6 gxf6 15. f4 Nb6 16. f5 Bc4 17. Bxc4 Nxc4 18. Nxc4 bxc4 19. Rf3 Kc7 20. Nc3 Rhg8 21. g3 Rad8 22. Nb1 Rxd1+ 23. Kxd1 Bg1 24. Ke2 Rb8 25. b3 cxb3 26. Rxb3 Rd8 27. h3 Rd4 28. Nd2 Ra4 29. Kf3 Bc5 30. Nb1 Rc4 31. Rc3 Rxc3+ 32. Nxc3 Bxa3 33. Ke3 Bb2 34.
Na4 Bd4+ 35. Kd3 c5 36. g4 Kc6 37. Kc4 Kd7 1/2-1/2

[Variant "Standard"]
[Site "Europe Echecs"]

[Event "Championnat du monde jeunes U10"]
[Date "2024.11.26"]
[White "Kaloh, Edvard"]
[Black "Sahin, Yusuf Kerem"]
[WhiteElo "1506"]
[BlackElo "1720"]
[Round "11.46"]
[Result "0-1"]
[TimeControl "5400+30"]

1. e4 c5 2. Nc3 g6 3. g3 Bg7 4. Bg2 Nc6 5. f4 e6 6. Nf3 Nge7 7. O-O O-O 8. d3 d6 9. Be3 Rb8 10. Rb1 b5 11. d4 d5 12. e5 Nf5 13. Bf2 cxd4 14. Nxd4 Nfxd4 15. Bxd4 Nxd4 16. Qxd4 b4 17. Na4 Ba6 18. Rfe1 Qa5 19. Nc5 Bb5 20. Nb3 Qc7 21. Rbc1 Bc4 22. Bf1 Rfd8 23. Nd2 Bf8 24. Kh1 Bc5 25. Nb3 Bxd4 0-1

[Variant "Standard"]
[Site "Europe Echecs"]

[Event "Championnat du monde jeunes U10"]
[Date "2024.11.26"]
[White "Mariani, Kim Paul"]
[Black "Popov, Aleksandr And"]
[WhiteElo "1814"]
[BlackElo "1651"]
[Round "11.47"]
[Result "1-0"]
[TimeControl "5400+30"]

1. e4 e5 2. Nf3 Nc6 3. Bc4 Bc5 4. c3 Nf6 5. d3 a5 6. Bb3 d6 7. Nbd2 O-O 8. Nf1 h6 9. h3 Be6 10. Bc2 Ba7 11. Ng3 Ne7 12. d4 Ng6 13. Be3 Bc4 14. b3 Ba6 15. Qd2 Kh7 16. Nf5 Ng8 17. h4 exd4 18. cxd4 N6e7 19. g4 c5 20. d5 Nxf5 21. exf5 f6 22. g5 c4 23. Bxa7 Rxa7 24. O-O-O cxb3 25. axb3 Re8 26. gxh6 Re2 27. Qf4 Nxh6 28. Nd4 Re7 29. Ne6 Qb8 30. Rhg1 Be2 31. Rde1 Bh5 32. Ng5+ fxg5 33. f6+ Kg8 34. Bh7+ Kh8 35. Rxe7 g6 36. Qd4 Nf7 37. Rxf7 Qc8+ 38. Kb2 Ra8 39. Re7 Qc2+ 40. Kxc2 Rc8+ 41. Kb2 Rc2+ 42. Kxc2 Bd1+ 43. Kxd1 a4 44. f7+ Kxh7 45.
f8=Q# 1-0

[Variant "Standard"]
[Site "Europe Echecs"]

[Event "Championnat du monde jeunes U10"]
[Date "2024.11.26"]
[White "Yao, Lucas Mason Pin Qian"]
[Black "Zilincan, Tomas"]
[WhiteElo "1687"]
[BlackElo "1778"]
[Round "11.48"]
[Result "1-0"]
[TimeControl "5400+30"]

1. e4 e6 2. d4 d5 3. exd5 exd5 4. Bf4 Bd6 5. Qd2 Ne7 6. Nc3 c6 7. O-O-O b5 8. Bd3 a5 9. Nge2 a4 10. f3 Qc7 11. Rhe1 Nd7 12. Bg5 f6 13. Bf4 Nb6 14. Bxd6 Qxd6 15. Qf4 Qb4 16. a3 Qa5 17. Qd6 Bd7 18. Nf4 Nc8 19. Rxe7+ Nxe7 20. Re1 O-O 21. Rxe7 Be8 22. Qe6+ Kh8 23. Qf5 g6 24. Qh3 Qd8 25. Qxh7# 1-0

[Variant "Standard"]
[Site "Europe Echecs"]

[Event "Championnat du monde jeunes U10"]
[Date "2024.11.26"]
[White "Zhou, Martin"]
[Black "Bartash, Saveli"]
[WhiteElo "1776"]
[BlackElo "1661"]
[Round "11.1"]
[Result "1-0"]
[TimeControl "5400+30"]

1. e4 c5 2. Nc3 Nc6 3. g3 g6 4. Bg2 Bg7 5. f4 d6 6. Nf3 e6 7. O-O Nge7 8. d3 O-O 9. Be3 Nd4 10. Qd2 Nec6 11. Rae1 Rb8 12. Nd1 b5 13. c3 Nxf3+ 14. Bxf3 Bb7 15. f5 Ne5 16. Be2 exf5 17. exf5 Qd7 18. d4 Qc6 19. d5 Qxd5 20. Qxd5 Bxd5 21. f6 Bh8 22. a3 Rfe8 23. g4 Re6 24. g5 c4 25. Bxa7 Rbe8 26. Ne3 Bb7 27. Kf2 h6 28. h4 Nc6 29. Bb6 hxg5 30. hxg5 Re5 31. Rg1 Nd8 32. Bxd8 Rxd8 33. Ng4 Rf5+ 34. Ke3 Rd5 35. Nh6+ Kf8 36. Rd1 Re8+ 37. Kf2 Rde5 38. Rde1 Rd5 39. Bf3 Rd2+ 40. Kg3 Rxe1 41. Rxe1 Bxf3 42. Kxf3 Rxb2 43.
Re7 Rb3 44. Rxf7+ Ke8 45. Rh7 Rxc3+ 46.
Ke4 d5+ 47. Kxd5 Bxf6 48. gxf6 Rf3 49.
Ke6 Re3+ 50. Kd6 Rd3+ 51. Kc6 c3 52.
Rh8# 1-0

[Variant "Standard"]
[Site "Europe Echecs"]

[Event "Championnat du monde jeunes U10"]
[Date "2024.11.26"]
[White "Montaigu Dupont, Arthur"]
[Black "Mitrovic, Vasilije"]
[WhiteElo "1767"]
[BlackElo "1590"]
[Round "11.2"]
[Result "1-0"]
[TimeControl "5400+30"]

1. e4 e5 2. Nf3 Nc6 3. Bc4 Bc5 4. d3 Nf6 5. Nc3 h6 6. O-O O-O 7. h3 d6 8. Na4 Bb6 9. a3 Bd7 10. b4 Ne7 11. Nxb6 axb6 12. c3 Ng6 13. Re1 Re8 14. Qc2 Qe7 15. Bb3 Be6 16. c4 c5 17. Bd2 cxb4 18. axb4 Rec8 19. Rxa8 Rxa8 20. d4 exd4 21. Nxd4 Bd7 22. f4 Re8 23. Nf5 Qf8 24. Ng3 Re7 25. Qd3 Qb8 26. c5 bxc5 27. bxc5 dxc5 28. e5 Nh7 29. Qxg6 Ba4 30. Nf5 Qf8 31. Nxe7+ Qxe7 32. Qb6 Bc6 33. e6 f6 34. Be3 Kh8 35. Bxc5 Qe8 36. e7 Qg6 37. Qxc6 bxc6
38. e8=Q+ Qxe8 39. Rxe8+ Nf8 40. Rxf8+ Kh7 41. f5 h5 42. Bf7 h4 43. Bg6+ Kh6 44. Be3# 1-0

[Variant "Standard"]
[Site "Europe Echecs"]

[Event "Championnat du monde jeunes U10"]
[Date "2024.11.26"]
[White "Fattori Dittmar, Luca"]
[Black "Yrysov, Timur"]
[WhiteElo "1766"]
[BlackElo "1604"]
[Round "11.3"]
[Result "0-1"]
[TimeControl "5400+30"]

1. e4 Nc6 2. Nf3 d6 3. d4 Nf6 4. Nc3 g6 5. Be3 Bg7 6. Qd2 a6 7. O-O-O b5 8. Bd3 Bb7 9. d5 Na5 10. Bh6 Bxh6 11. Qxh6 b4 12. Ne2 Qd7 13. Qd2 Qa4 14. Kb1 O-O-O 15. b3 Qa3 16. Qe1 h6 17. Nd2 Nd7 18. Ka1 Nc5 19. Nc1 Naxb3+ 20. Ndxb3 Na4 21. Bxa6 Qb2# 0-1

[Variant "Standard"]
[Site "Europe Echecs"]

[Event "Championnat du monde jeunes U10"]
[Date "2024.11.26"]
[White "Larionov, Serghei"]
[Black "Wu, Chenyu"]
[WhiteElo "1720"]
[BlackElo "1503"]
[Round "11.4"]
[Result "1/2-1/2"]
[TimeControl "5400+30"]

1. d4 d5 2. c4 e6 3. Nc3 Nf6 4. cxd5 exd5 5. Bg5 Be7 6. e3 h6 7. Bh4 O-O 8. Bd3 c6 9. Nf3 Ne4 10. Bxe7 Qxe7 11. O-O Nd7 12. Bxe4 dxe4 13. Nd2 f5 14. Qb3+ Kh7 15. Qc2 Nf6 16. Nc4 Be6 17. Ne5 c5 18. Rad1 cxd4 19. exd4 Rac8 20. Qe2 Rfd8 21. Qe3 Qb4 22. Rd2 Rd6 23. Rfd1 Rcd8 24. h4 Qa5 25. Qg3 Kg8 26. Qg6 Qb6 27. d5 Nxd5 28. Nxd5 Rxd5 29. Rxd5 Rxd5 30. Qe8+ Kh7 31. Qg6+ Kg8 32. Qe8+ Kh7 33. Qg6+ Kg8 34. Qe8+ 1/2-1/2

[Variant "Standard"]
[Site "Europe Echecs"]

[Event "Championnat du monde jeunes U10"]
[Date "2024.11.26"]
[White "Iliev, Stoyan"]
[Black "Ostapenko, Volodymyr"]
[WhiteElo "1671"]
[BlackElo "1720"]
[Round "11.5"]
[Result "1/2-1/2"]
[TimeControl "5400+30"]

1. e4 e5 2. Nf3 Nc6 3. Bb5 a6 4. Ba4 Nf6 5. d3 b5 6. Bb3 d6 7. Ng5 d5 8. exd5 Nd4 9. c4 Bb4+ 10. Bd2 Bxd2+ 11. Nxd2 O-O 12. Nge4 Bf5 13. Bc2 Rb8 14. b3 b4 15. O-O Rb6 16. h3 Qc8 17. Kh2 Nxe4 18. dxe4 Bxh3 19. Rh1 Rh6 20. Kg1 Rg6 21. Rh2 Bg4 22. f3 Bd7 23. Bd3 Qd8 24. Rh5 Qf6 25. Kh1 Rh6 26. Rxh6 Qxh6+ 27. Kg1 Qe3+ 28. Kh1 Qxd3 29.
Nf1 Qxd1 30. Rxd1 Rb8 31. f4 f6 32. Rd2 Bg4 33. Ne3 Bd7 34. f5 Be8 35. Kg1 Bh5 36. Kf2 a5 37. Rb2 Be2 38. Rxe2 Nxe2 39. Kxe2 a4 40. Nc2 Kf8 41. Kd3 axb3 42. axb3 Ra8 43. Nxb4 Ra1 44. c5 g6 1/2-1/2

[Variant "Standard"]
[Site "Europe Echecs"]

[Event "Championnat du monde jeunes U10"]
[Date "2024.11.26"]
[White "Hochman, Gur"]
[Black "Aguike, Toshiya"]
[WhiteElo "1626"]
[BlackElo "1716"]
[Round "11.6"]
[Result "1/2-1/2"]
[TimeControl "5400+30"]

1. e4 e5 2. Nc3 Nf6 3. f4 d5 4. fxe5 Nxe4 5. Qf3 f5 6. d3 Nxc3 7. bxc3 d4 8. Qg3 Nc6 9. Be2 Qd5 10. Bf4 dxc3 11. Bf3 Qe6 12. Ne2 Bc5 13. d4 Nxd4 14. Nxd4 Qf7 15. Nb3 Bb6 16. Rd1 c6 17. Be2 a5 18. a4 Be6 19. Nd4 O-O-O 20. Qxc3 Qg6 21. Bf3 Bd5 22. Nb5 Bxf3 23. Rxd8+ Rxd8 24. gxf3 Qg2 25. Rf1 Rd1+ 26. Kxd1 Qxf1+ 27. Kd2 Bf2 28. Nd6+ Kb8 29. Bg3 Qe1+ 30. Kd3
Qd1+ 31. Qd2 Qxf3+ 32.
Kc4 Qg4+ 33. Qf4 Qe2+ 34. Kb3 Bxg3 35.
Qxg3 g6 36. Nf7 Qe4 37. e6+ f4 38. Qd3 Qxe6+ 39. c4 Qxf7 40. Qd8+ 1/2-1/2

[Variant "Standard"]
[Site "Europe Echecs"]

[Event "Championnat du monde jeunes U10"]
[Date "2024.11.26"]
[White "Radiukevich, Viacheslau"]
[Black "Schettini Acuna, Massimo Matteo"]
[WhiteElo "1484"]
[BlackElo "1703"]
[Round "11.8"]
[Result "1/2-1/2"]
[TimeControl "5400+30"]

1. e4 e5 2. Nf3 Nc6 3. Bc4 Nf6 4. Nc3 Bc5 5. d3 h6 6. Be3 Bb6 7. Qd2 d6 8. h3 Qe7 9. Nd5 Nxd5 10. Bxd5 Be6 11. Bxc6+ bxc6 12. O-O Qf6 13. Bxb6 cxb6 14. Qe3 c5 15. c3 O-O 16. Rfd1 Rfd8 17. d4 Rac8 18. d5 Bd7 19. c4 Qg6 20. Rf1 Rf8 21. g4 f6 22. Nh4 Qh7 23. Nf5 Bxf5 24. gxf5 Kf7 25. Kh2 Rg8 26. Rg1 g5 27. fxg6+ Rxg6 28. Rxg6 Qxg6 29. Rg1 Qh7 30. Qg3 Rg8 31. Qxg8+ Qxg8 32. Rxg8 Kxg8 33. Kg3 Kf7 34. f4 h5 35. f5 Kg7 36. h4 1/2-1/2

[Variant "Standard"]
[Site "Europe Echecs"]

[Event "Championnat du monde jeunes U10"]
[Date "2024.11.26"]
[White "Lenkov, Stanislav"]
[Black "Chen, Pin-Jui"]
[WhiteElo "1693"]
[BlackElo "1505"]
[Round "11.9"]
[Result "1-0"]
[TimeControl "5400+30"]

1. e4 e5 2. Nf3 Nc6 3. Bb5 a6 4. Ba4 Nf6 5. d3 b5 6. Bb3 Bc5 7. c3 d6 8. h3 O-O 9. O-O h6 10. Re1 Re8 11. Nbd2 Bb7 12. Nf1 d5 13. exd5 Nxd5 14. d4 Bb6 15. Nxe5 Qd6 16. Nxf7 Kxf7 17. Qh5+ Kf8 18. Bxd5 Qf6 19. Bg5 Qf5 20. Ne3 Rxe3 21. Rxe3 Qxd5 22. Rae1 Ne5 23. Be7+ Kg8 24. Rg3 Nd7 25. Qg4 g5 26. Qh5 Qc6 27. Bxg5 1-0

[Variant "Standard"]
[Site "Europe Echecs"]

[Event "Championnat du monde jeunes U10"]
[Date "2024.11.26"]
[White "Prokhorov, Makar"]
[Black "Roth, Elai"]
[WhiteElo "1771"]
[BlackElo "1577"]
[Round "11.10"]
[Result "0-1"]
[TimeControl "5400+30"]

1. e4 c5 2. Nf3 e6 3. d4 cxd4 4. Nxd4 Nf6 5. Nc3 Nc6 6. Ndb5 Bb4 7. a3 Bxc3+ 8. Nxc3 d5 9. Bd3 O-O 10. O-O h6 11. h3 b6 12. f4 dxe4 13. Bxe4 Bb7 14. Qxd8 Rfxd8 15. Be3 Nxe4 16. Nxe4 Nd4 17. Bxd4 Bxe4 18. c3 Rd5 19. Rad1 Rad8 20. Rfe1 f5 21. Re3 g5 22. g3 Kh7 23. Kf2 Rg8 24. Rg1 h5 25. Ree1 g4 26. h4 Rc8 27. Re3 Rc7 28. Ke2 b5 29. Kd2 a5 30. Ra1 a4 31. Ke1 Rcd7 32. Re2 Kg8 33. Re3 Kh7 34. Rd1 Kg8 35. Rd2 Kh7 36. Ree2 Kg8 37. Be5 Rd3 38. Bf6 R7d5 39. Rxd3 Rxd3 40. Bd4 Rxg3 41. Rf2 Rh3 42. Bf6 g3 43. Rf1 Kf7 44. Bg5 g2 45. Rg1 Rh1 46. Kf2 Kg6 47. Be7 Kf7 48. Bd8 Ke8 49. Bg5 Kd7 50. Bf6 Kc6 51. Bd8 Kd5 52. Bg5 Kc4 53. Bd8 Kb3 54. Bf6 Kc2 55. Bg5 Kxb2 56. Be7 Kxc3 57. Bb4+ Kc4 58. Be7 Kb3 59. Rxg2 Bxg2 60. Kxg2 Ra1 61. Kf3 Rxa3 62. Bxa3 Kxa3 63. Ke3 Kb2 64.
Kd4 a3 65. Ke5 a2 66. Kxe6 a1=Q 67. Kxf5 b4 68. Kg5 Qa5+ 69. f5 b3 70. Kg6 Kc3 71. f6 b2 72. f7 b1=Q+ 73. Kg7 Qe5+ 74. Kg8 Qb3 75. Kf8 Qbb8# 0-1

[Variant "Standard"]
[Site "Europe Echecs"]

[Event "Championnat du monde jeunes U10"]
[Date "2024.11.26"]
[White "Sander, Tino"]
[Black "Wang, Yuwei"]
[WhiteElo "1736"]
[BlackElo "1576"]
[Round "11.11"]
[Result "1/2-1/2"]
[TimeControl "5400+30"]

1. e4 c5 2. Nf3 Nc6 3. d4 cxd4 4. Nxd4 Nf6 5. Nc3 e6 6. Ndb5 Bb4 7. a3 Bxc3+ 8. Nxc3 d5 9. exd5 exd5 10. Bd3 Be6 11. Bg5 h6 12. Bh4 O-O 13. O-O Qe7 14. Re1 Rfd8 15. Qf3 g5 16. Bg3 Kg7 17. b4 Rac8 18. b5 Nd4 19. Qe3 Nxc2 20. Bxc2 d4 21. Qe2 Rxc3 22. Bf5 Rxa3 23. Bxe6 fxe6 24. Be5 Rxa1 25. Rxa1 d3 26. Qf3 Rd5 27. Qe3 Qc5 28. Qxc5 Rxc5 29. Bd4 Rd5 30. Bxa7 d2 31. Rd1 Ne4 32. Be3 Rxb5 33. f3 Nd6 34. Bxd2 Rd5 35. Bc3+ Kg6 36. Rxd5 exd5 37. Kf2 Nb5 38. Bb2 d4 39. Ke2 Kf5 40. Kd3 Ke5 41. Kc4 Nd6+ 42. Kd3
Nb5 43. Bc1 Nc3 44. h4 Kf5 45. hxg5 hxg5 46. Bd2 g4 47. Bxc3 dxc3 1/2-1/2

[Variant "Standard"]
[Site "Europe Echecs"]

[Event "Championnat du monde jeunes U10"]
[Date "2024.11.26"]
[White "Aghoyan, Gevorg"]
[Black "Novac, Daniil"]
[WhiteElo "1682"]
[BlackElo "1594"]
[Round "11.12"]
[Result "1-0"]
[TimeControl "5400+30"]

1. e4 e5 2. Nf3 Nc6 3. d4 exd4 4. Nxd4 Bc5 5. Nb3 Bb6 6. Nc3 d6 7. Qe2 Nge7 8. Be3 O-O 9. O-O-O Ne5 10. f3 Be6 11. g4 Nc4 12. Bf2 a5 13. Na4 Bxf2 14. Qxf2 b5 15. Nac5 a4 16. Nxe6 fxe6 17. Nd4 Qd7 18. a3 c5 19. Ne2 Ne5 20. Qg3 N7c6 21. f4 Nf7 22. g5 g6 23. h4 b4 24. h5 Kg7 25. hxg6 hxg6 26. Bg2 Rac8 27. Rh2 Rh8 28. Rdh1 bxa3 29. Qxa3 Nd4 30. Nxd4 cxd4 31. Qd3 Rxh2 32. Rxh2 Qc7 33. Bh3 d5 34. Qxd4+ e5 35. fxe5 Rb8 36. e6+ Kf8 37. Rf2 a3 38. Rxf7+ Qxf7 39. exf7 axb2+ 40. Kb1 1-0

[Variant "Standard"]
[Site "Europe Echecs"]

[Event "Championnat du monde jeunes U10"]
[Date "2024.11.26"]
[White "Czech, Emil"]
[Black "Della Penna, Leonardo"]
[WhiteElo "1608"]
[BlackElo "1675"]
[Round "11.13"]
[Result "1/2-1/2"]
[TimeControl "5400+30"]

1. e4 c5 2. Nf3 d6 3. d4 cxd4 4. Qxd4 Nc6 5. Qe3 g6 6. Be2 Bg7 7. O-O Nf6 8. h3 O-O 9. Rd1 Be6 10. c4 Nd7 11. Nc3 Qb6 12. Qf4 Nde5 13. Nd5 Bxd5 14. exd5 Nxf3+ 15. Bxf3 Ne5 16. Be2 Rac8 17. Rd2 Qb4 18. Rc2 b5 19. Bd2 Qc5 20. Rac1 bxc4 21. Bxc4 Qb6 22. Be2 Qb7 23. Qa4 Rxc2 24. Rxc2 e6 25. f4 Nd7 26. Qc6 Qb6+ 27. Qxb6 Nxb6 28. dxe6 fxe6 29. Rc6 Bd4+ 30. Kh2 Rd8 31. Ba5 Be3 32. g3 1/2-1/2

[Variant "Standard"]
[Site "Europe Echecs"]

[Event "Championnat du monde jeunes U10"]
[Date "2024.11.26"]
[White "Gim, Hajin"]
[Black "Golya, David"]
[WhiteElo "1603"]
[BlackElo "1672"]
[Round "11.14"]
[Result "0-1"]
[TimeControl "5400+30"]

1. e4 c5 2. Nc3 Nc6 3. Bb5 g6 4. Bxc6 bxc6 5. f4 e6 6. Nf3 Bg7 7. d3 d5 8. O-O Ne7 9. Qe1 Ba6 10. Qh4 Bxc3 11. bxc3 dxe4 12. Qf6 O-O 13. Ne5 Rc8 14. Ba3 Nd5 15. Qxd8 Rfxd8 16. Bxc5
Nxc3 17. Bxa7 exd3 18.
cxd3 Bxd3 19. Rf3 Ne2+ 20. Kf2 Bb5 21. a4 Ba6 22. Bb6 Rd2 23. Ke1 Rb2 24. Ba5 Nd4 25. Rf2 Nc2+ 26. Kd1 Ne3+ 27. Ke1 Nxg2+ 28. Rxg2 Rxg2 29. Nf3 Rb8 30.
Rd1 Re2+ 31. Kf1 Re5+ 32. Kf2 Rxa5 0-1

[Variant "Standard"]
[Site "Europe Echecs"]

[Event "Championnat du monde jeunes U10"]
[Date "2024.11.26"]
[White "Youn, Laeho"]
[Black "Vedrickas, Vytis"]
[WhiteElo "1520"]
[BlackElo "1642"]
[Round "11.16"]
[Result "0-1"]
[TimeControl "5400+30"]

1. e4 c5 2. Nf3 g6 3. c3 Bg7 4. d4 cxd4 5. cxd4 d5 6. e5 a6 7. Be3 Nc6 8. Nc3 Bg4 9. h3 Bxf3 10. Qxf3 e6 11. Bd3 Nge7 12. O-O O-O 13. Qg4 Nf5 14. Bxf5 gxf5 15. Qg3 Kh8 16. Na4 Rg8 17. Qf3 Qh4 18. Rfd1 Nxe5 19. dxe5 Qxa4 20. Rd4 Qe8 21. Rh4 f6 22. Re1 fxe5 23. Bd2 Bf6 24. Rh6 Rg6 25. Rh5 Qf7 26. Rc1 Rag8 27. Kh1 Rxg2 28. Ba5 Qg6 29. Qd1 Rh2+ 0-1

[Variant "Standard"]
[Site "Europe Echecs"]

[Event "Championnat du monde jeunes U10"]
[Date "2024.11.26"]
[White "Kostyukovich, Ivan"]
[Black "Radovic, Koca"]
[WhiteElo "1489"]
[BlackElo "1626"]
[Round "11.17"]
[Result "1-0"]
[TimeControl "5400+30"]

1. e4 e5 2. Nf3 Nc6 3. Bc4 Bc5 4. c3 d6 5. d3 Nf6 6. Be3 Bb6 7. O-O O-O 8. Nbd2 h6 9. d4 exd4 10. cxd4 Bg4 11. Qc2 Nb4 12. Qb1 Re8 13. e5 dxe5 14. dxe5 Nd7 15. Qe4 Bxf3 16. Nxf3 Qe7 17. Bxb6 axb6 18. e6 fxe6 19. Bxe6+ Qxe6 20. Qxb4 Rxa2 21. Rae1 Qf7 22. Rxe8+ Qxe8 23. Qc4+ Qf7 24. Qxc7 Rxb2 25. Qxb7 Ne5 26. Qb8+ Kh7 27. Qxe5 Rb3 28. Nd4 Rb4 29. Qf5+ Qxf5 30. Nxf5 b5 31. Ne7 Rc4 32. Rb1 b4 33. Nd5 b3 34. Kf1 Rc5 35. Ne3 Rb5 36. Ke2 Kg6 37. Kd3 Rb8 38. Kc3 Rc8+ 39. Kxb3 Rb8+ 40. Kc2 1-0

[Variant "Standard"]
[Site "Europe Echecs"]

[Event "Championnat du monde jeunes U10"]
[Date "2024.11.26"]
[White "Hung, I-Hsuan"]
[Black "Osmolovskii, Nikita"]
[WhiteElo "1608"]
[BlackElo "1468"]
[Round "11.19"]
[Result "1-0"]
[TimeControl "5400+30"]

1. e4 c5 2. Nf3 d6 3. Bb5+ Bd7 4. Bxd7+ Nxd7 5. O-O Ngf6 6. Re1 g6 7. c3 Bg7 8. d4 O-O 9. b3 Re8 10. Bb2 h6 11. e5 dxe5 12. dxe5 Ng4 13. e6 fxe6 14. Ng5 Nxf2 15. Qe2 e5 16. Ne6 Qb6 17. Nxg7 Nh3+ 18. gxh3 Kxg7 19. c4 Rad8 20. Bxe5+ Nxe5 21. Qxe5+ Kh7 22. Rf1 Rf8 23. Qxe7+ Kg8 24. Rxf8+ Rxf8 25. Nc3 Rf7 26. Qe3 Qf6 27. Re1 Kg7 28. Qe5 Qxe5 29. Rxe5 b6 30. Nd5 Kf8 31. Re6 Rg7 32. Rc6 Kg8 33. Rc7 Rxc7 34. Nxc7 Kf7 35. Nb5 a6 36. Nc7 Ke7 37. Nd5+ Kd6 38. Nxb6 Kc6 39. Na4 Kd6 40. Kf2 Kc6 41. Ke3 Kd6 42. Ke4 a5 43. a3 Ke6 44. Nxc5+ Kd6 45. b4 axb4 46. axb4 Kc6 47. Ke5 Kb6 48. Kf6 Kc7 49. Kxg6 Kd8 50. Ne4 Ke8 51. b5 Kd8 52. c5 Kc7 53. b6+ Kb8 54. c6 Kc8 55. Nd6+ Kd8 56. c7+ Kd7 57. c8=R Kxd6 58. b7 Ke7 59. b8=R Kd7 60. Re8 Kc7 61. Rbd8 Kc6 62. Re1 Kc7 63. Rd2 Kc6 64. Rc1+ Kb5 65. Rb2+ Ka4 66. Ra1# 1-0

[Variant "Standard"]
[Site "Europe Echecs"]

[Event "Championnat du monde jeunes U10"]
[Date "2024.11.26"]
[White "Button-Rabl, Jiban"]
[Black "Veber, Tibor"]
[WhiteElo "1435"]
[BlackElo "1532"]
[Round "11.23"]
[Result "0-1"]
[TimeControl "5400+30"]

1. e4 e6 2. d4 d5 3. exd5 exd5 4. c4 Nf6 5. Nc3 Bb4 6. Nf3 O-O 7. cxd5 Nxd5 8. Bd2 Re8+ 9. Be2 Nxc3 10. bxc3 Bd6 11. O-O Bg4 12. h3 Bh5 13. Rb1 b6 14. Re1 Nd7 15. Qb3 Nf6 16. Bc4 Qd7 17. Ng5 h6 18. Ne6 fxe6 19. Bxe6+ Rxe6 20. Rxe6 Bf7 21. Rxd6 Qxd6 22. Qc2 Re8 23. Be3 Nd5 24. Re1 Nxe3 25. fxe3 Qg3 26. e4 Qxe1+ 0-1

[Variant "Standard"]
[Site "Europe Echecs"]

[Event "Championnat du monde jeunes U10"]
[Date "2024.11.26"]
[White "Vukashinovikj, Jovan"]
[Black "McFadden, Oisin"]
[WhiteElo "1454"]
[BlackElo "1464"]
[Round "11.29"]
[Result "1-0"]
[TimeControl "5400+30"]

1. e4 c5 2. Nf3 Nc6 3. Bc4 g6 4. O-O Bg7 5. d3 d6 6. h3 Nf6 7. Nc3 O-O 8. Be3 e6 9. Qd2 Re8 10. Bh6 Bh8 11. Rae1 Nd7 12. Nh2 Nde5 13. f4 Nxc4 14. dxc4 Bd4+ 15. Kh1 Ne7 16. g4 Kh8 17. Nb5 Qb6 18. c3 a6 19. Nxd4 cxd4 20. cxd4 Ng8 21. g5 Nxh6 22. gxh6 Bd7 23. Qc3 d5 24. Ng4 Rec8 25. c5 Qd8 26. Ne5 Be8 27. Qg3 dxe4 28. Qc3 Qd5 29. Re3 Bb5 30. Rfe1 Kg8 31. a4 Bxa4 32. Nc4 Qc6 33. d5 f6 34. dxc6 Rf8 35. Nb6 Rad8 36. c7 Rde8 37. c8=Q Rxc8 38. Nxc8 Bc6 39. Nd6 Bd5 40. Qa5 Bc6 41. Qc7 Bd7 42. Qxd7 Rf7 43. Qxf7+ Kh8 44. Qf8# 1-0

[Variant "Standard"]
[Site "Europe Echecs"]